 Seeded DCSS version 0.30-a0-737-gf23d94013f (webtiles) character file.

Game seed: 5430720872467839093 (custom seed)

2799 valliere the Sneak (level 9, -4/62 HPs)
             Began as an Octopode Venom Mage on Feb 2, 2023.
             Was a Follower of Vehumet.
             Slain by an acid dragon (9 damage)
             ... on level 6 of the Dungeon.
             The game lasted 00:21:34 (7560 turns).

valliere the Sneak (Octopode Venom Mage)            Turns: 7560, Time: 00:21:35

Health: -4/62      AC:  1    Str: 14    XL:     9   Next: 71%
Magic:  7/16       EV: 15    Int: 35    God:    Vehumet [*.....]
Gold:   938        SH:  3    Dex: 12    Spells: 9/18 levels left

rFire   + + .      SeeInvis .    u - +3 short sword of the Manifold Quests {flame, rElec Int+5}
rCold   + + +      Faith    .    M - +0 buckler {rC+ rF+}
rNeg    + . .      Spirit   .    r - +0 hat of Supple Strength {*Corrode rElec Int+3}
rPois   +          Reflect  .    (no amulet)
rElec   +          Harm     .    j - +6 ring of strength
rCorr   +          Rampage  .    m - +4 ring of protection
Will    .....                    k - +6 ring of intelligence
Stlth   +++++                    l - ring of protection from cold
HPRegen 0.30/turn                C - ring of positive energy
MPRegen 0.15/turn                (no ring)
                                 (no ring)
                                 (no ring)

@: resistant, corroded, studying Fighting
A: almost no armour, amphibious, 8 rings, camouflage 1, gelatinous body 1,
(nimble swimmer 1), tentacles, tentacle spike 1
a: Renounce Religion


You were on level 6 of the Dungeon.
You worshipped Vehumet.
Vehumet was aware of your devotion.
You visited 2 branches of the dungeon, and saw 7 of its levels.

You collected 1211 gold pieces.
You spent 273 gold pieces at shops.

Inventory:

Hand Weapons
 b - a +0 spectral short sword
 u - the +3 short sword of the Manifold Quests (weapon) {flame, rElec Int+5}
   (You found it on level 3 of the Dungeon)

   Int:       It affects your intelligence (+5).
   rElec:     It insulates you from electricity.
Missiles
 y - a throwing net
Armour
 r - the +0 hat of Supple Strength (worn) {*Corrode rElec Int+3}
   (You acquired it on level 2 of the Dungeon)

   Int:       It affects your intelligence (+3).
   rElec:     It insulates you from electricity.
   *Corrode:  It may corrode you when you take damage.
 M - a +0 buckler of resistance (worn)
Jewellery
 j - a +6 ring of strength (left tentacle)
 k - a +6 ring of intelligence (on tentacle)
 l - a ring of protection from cold (on tentacle)
 m - a +4 ring of protection (right tentacle)
 C - a ring of positive energy (on tentacle)
 N - a ring of protection from fire
 O - a +4 ring of slaying
Wands
 v - a wand of mindburst (22)
 B - a wand of roots (5)
 I - a wand of quicksilver (2)
 J - a wand of flame (12)
Scrolls
 c - 2 scrolls of torment {unknown}
 d - 4 scrolls of amnesia
 e - 6 scrolls of identify
 h - 3 scrolls of noise {unknown}
 i - 3 scrolls of teleportation {unknown}
 n - 4 scrolls of enchant armour
 o - 2 scrolls of fear
 p - 2 scrolls of immolation {unknown}
 q - a scroll of fog {unknown}
 s - a scroll of poison {unknown}
 x - a scroll of silence {unknown}
 D - a scroll of butterflies {unknown}
 E - 2 scrolls of blinking {unknown}
 F - 2 scrolls of magic mapping {unknown}
 P - a scroll of enchant weapon {unknown}
Potions
 a - 2 potions of magic
 f - 3 potions of attraction {unknown}
 g - 5 potions of curing
 t - a potion of ambrosia {unknown}
 w - 2 potions of lignification {unknown}
 z - a potion of degeneration {unknown}
 A - 3 potions of berserk rage
 G - a potion of brilliance {unknown}
 H - a potion of resistance
 K - a potion of might {unknown}
 L - a potion of invisibility {unknown}


   Skills:
 + Level 5.8 Fighting
 * Level 7.0 Dodging
 + Level 7.7 Stealth
 + Level 0.9 Shields
 + Level 5.0 Spellcasting
 + Level 5.0 Transmutations
 + Level 0.7 Air Magic
 + Level 7.1 Poison Magic


You had 9 spell levels left.
You knew the following spells:

 Your Spells              Type           Power      Damage    Failure   Level
a - Sting                 Tmut/Pois      100%       1d8       1%          1
b - Mephitic Cloud        Conj/Pois/Air  27%        N/A       6%          3
c - Olgreb's Toxic Radia  Pois           56%        N/A       3%          4
d - Freeze                Ice            32%        1d5       5%          1

Your spell library contained the following spells:

 Spells                   Type           Power      Damage    Failure   Level
 Poisonous Vapours        Pois/Air       72%        N/A       1%          2
 Slow                     Hex            32%        N/A       5%          1
 Static Discharge         Conj/Air       22%        2-3/arc   8%          2
 Blink                    Tloc           16%        N/A       9%          2
 Vhi's Electric Charge    Tloc/Air       22%        N/A       14%         3
 Confusing Touch          Hex            8%         N/A       17%         3
 Inner Flame              Hex/Fire       8%         N/A       17%         3
 Vampiric Draining        Necr           8%         2d6       17%         3
 Flame Wave               Conj/Fire      8%         2d5       50%         4
 Manifold Assault         Tloc           8%         N/A       50%         4
 Sticky Flame             Conj/Fire      8%         2d3       50%         4
 Arcjolt                  Conj/Air       5%         1d15      80%         5
 Lightning Bolt           Conj/Air       5%         1d17      80%         5
 Storm Form               Tmut/Air       14%        N/A       100%        7


Dungeon Overview and Level Annotations

Branches:
Dungeon (6/15)             Temple (1/1) D:4

Altars:
Ashenzari
Cheibriados
Dithmenos
Gozag
Hepliaklqana
Nemelex Xobeh
Okawaru
Ru
Sif Muna
Uskayaw
Vehumet
Wu Jian
Xom
Yredelemnul
Zin
The Shining One

Shops:
D:2 ?

Annotations:
D:2 exclusion: necrophage
D:4 1 runed translucent door, lambentLogic's ghost, amateur KoEn


Innate Abilities, Weirdness & Mutations

You cannot wear most types of armour.
You are amphibious.
You can wear up to eight rings at the same time.
Your skin changes colour to match your surroundings (Stealth+).
Your rubbery body absorbs attacks. (AC +1, EV +1)
((You are camouflaged when in or above water. (Stealth+)))
You have tentacles for arms and can constrict up to eight enemies at once.
One of your tentacles bears a spike.


Message History

Okay, then.
It was a potion of resistance.
You feel protected. The acid dragon closely misses you.
The acid dragon misses you.
Casting: Olgreb's Toxic Radiance (dangerous; 3% risk of failure)
Confirm with . or Enter, or press ? or * to list all spells.
Aiming: Freeze (safe; 5% risk of failure)
Press: ? - help, Shift-Dir - straight line, f - acid dragon
Aim: an acid dragon You freeze the acid dragon.
The acid dragon is lightly wounded.
The adder completely misses the acid dragon.
The hound pauses to sniff the ground.
The adder barely misses the necrophage.
You block the acid dragon's attack. The acid dragon claws you.
* * * LOW HITPOINT WARNING * * *
Unknown command.
Casting: Freeze (safe; 5% risk of failure)
Confirm with . or Enter, or press ? or * to list all spells.
Aiming: Freeze (safe; 5% risk of failure)
Press: ? - help, Shift-Dir - straight line, f/p - acid dragon
Aim: an acid dragon (lightly wounded)
You freeze the acid dragon.
The acid dragon is moderately wounded.
You kill the adder!
Vehumet accepts your kill. The acid dragon bites you!
* * * LOW HITPOINT WARNING * * *
The acid dragon misses you.
Your Dodging skill increases to level 7!
Unknown command.
Casting: Freeze (safe; 5% risk of failure)
Confirm with . or Enter, or press ? or * to list all spells.
Aiming: Freeze (safe; 5% risk of failure)
Press: ? - help, Shift-Dir - straight line, f/p - acid dragon
Aim: an acid dragon (moderately wounded)
You freeze the acid dragon.
The acid dragon is moderately wounded.
The acid dragon bites you!
You die...

###########
#.........############
#....................#
#..########.########.# #..# ##
#.# ..####.## #..# ... #.#
z.°.##..# #..# ...##.##S5..##..##
#..# ..'#...#Dhn..#...#
#..######....@######.#.#
#....................#.#
##..###...........###.#.#
#...#.##....#....##[#.#.#
#...#..##.......##[.#.#.#######
#####.#...'.......'...#.#.......#
......#..##.......##.)#.........#
......#. #....#....##.#)..###...#
......# #..##'##..#..#...###...#


You could see a water moccasin, an acid dragon, a necrophage, a hound (very
poisoned), a wight and a white imp.

Vanquished Creatures
  2 two-headed ogres
  A water moccasin (D:6)
  Duvessa (D:5)
  2 ice beasts
  Blork the orc (D:4)
  A gnoll sergeant (D:6)
  3 scorpions
  A necrophage (D:6)
  Dowan (D:5)
  A gnoll bouda (D:6)
  2 orc priests
  3 hounds
  A jelly (D:6)
  3 iguanas
  7 orc wizards
  16 gnolls
  9 adders
  A shadow imp (D:6)
  2 white imps
  An ufetubus (D:5)
  3 worms (D:4)
  A dart slug (D:4)
  14 orcs
  3 bats
  8 endoplasms
  3 giant cockroaches
  4 goblins
  7 hobgoblins
  7 jackals
  6 kobolds
  5 quokkas
  8 ball pythons
  2 frilled lizards
  3 rats
133 creatures vanquished.

Notes
Turn   | Place    | Note
-------+----------+-------------------------------------------
     0 | D:1      | valliere the Octopode Venom Mage began the quest for the
                  | Orb.
     0 | D:1      | Reached XP level 1. HP: 11/11 MP: 3/3
    76 | D:1      | Gained mutation: One of your tentacles bears a spike.
                  | [potion of mutation]
   105 | D:1      | Reached XP level 2. HP: 17/17 MP: 1/5
  1010 | D:1      | Reached XP level 3. HP: 21/21 MP: 3/6
  1240 | D:2      | Identified 3 scrolls of acquirement
  1240 | D:2      | Acquired a +4 ring of protection
  1247 | D:2      | Acquired a +6 ring of intelligence
  1248 | D:2      | Acquired 1001 gold pieces
  1509 | D:2      | Noticed a necrophage
  1586 | D:2      | Found Doddoiw's Magic Scroll Shoppe.
  1591 | D:2      | Bought a scroll of identify for 28 gold pieces
  1591 | D:2      | Bought a scroll of enchant armour for 105 gold pieces
  1591 | D:2      | Bought a scroll of identify for 28 gold pieces
  1591 | D:2      | Bought a scroll of amnesia for 56 gold pieces
  1591 | D:2      | Bought a scroll of fear for 56 gold pieces
  1761 | D:2      | Reached XP level 4. HP: 10/27 MP: 3/7
  1964 | D:2      | Acquired the +0 hat of Supple Strength {*Corrode rElec
                  | Int+3}
  2027 | D:2      | Learned a level 3 spell: Mephitic Cloud
  2032 | D:2      | Learned a level 4 spell: Olgreb's Toxic Radiance
  2112 | D:3      | Found a faded altar of an unknown god.
  2510 | D:3      | Reached XP level 5. HP: 31/31 MP: 9/9
  2601 | D:3      | Identified the +3 short sword of the Manifold Quests
                  | {flame, rElec Int+5}
  2789 | D:3      | Identified the +2 robe of Binutifa {rPois Dex+5}
  2869 | D:3      | Found an iron altar of Okawaru.
  3159 | D:4      | Reached XP level 6. HP: 36/36 MP: 8/10
  3540 | D:4      | Reached skill level 5 in Poison Magic
  3630 | D:4      | Found a runed translucent door.
  3631 | D:4      | Found a staircase to the Ecumenical Temple.
  3640 | Temple   | Entered the Ecumenical Temple
  3849 | Temple   | Became a worshipper of Vehumet
  3898 | D:4      | Noticed lambentLogic's ghost (amateur KoEn)
  4162 | D:4      | Noticed Blork the orc
  4173 | D:4      | Killed Blork the orc
  4174 | D:4      | Reached skill level 1 in Fighting
  4174 | D:4      | Reached skill level 5 in Stealth
  4174 | D:4      | Reached XP level 7. HP: 35/43 MP: 1/12
  4715 | D:5      | Entered Level 5 of the Dungeon
  4716 | D:5      | Noticed a two-headed ogre
  5563 | D:5      | Noticed Dowan
  5569 | D:5      | Noticed Duvessa
  5574 | D:5      | Killed Dowan
  5575 | D:5      | Reached XP level 8. HP: 51/51 MP: 8/13
  5749 | D:5      | Killed Duvessa
  5928 | D:5      | Killed a two-headed ogre
  5929 | D:5      | Reached skill level 5 in Dodging
  6203 | D:6      | Reached XP level 9. HP: 15/59 MP: 0/15
  6457 | D:6      | Found an opulent altar of Gozag.
  6478 | D:6      | Found a broken altar of Ashenzari.
  6585 | D:6      | Noticed a two-headed ogre
  6607 | D:6      | Killed a two-headed ogre
  6608 | D:6      | Reached skill level 5 in Fighting
  6819 | D:6      | Reached * piety under Vehumet
  6819 | D:6      | Offered knowledge of Freeze by Vehumet.
  6822 | D:6      | Learned a level 1 spell: Freeze
  7355 | D:6      | Reached skill level 5 in Transmutations
  7357 | D:6      | Reached skill level 5 in Spellcasting
  7560 | D:6      | Slain by an acid dragon

Illustrated notes

Levels and vault maps discovered:
D:1:      dpeg_arrival_boxes_within_box, layout_basic
D:2:      layout_loops_ring, serial_shops, shop, nicolae_kite_square_tiling_tiny
D:3:      layout_rooms, okawaru_metal_pillars_3, ebering_ecumenical_altar_rust
D:4:      layout_basic, minmay_temple_entry_overgrown, ebering_ghost_sewer_d,
          minmay_manual_monstrance, uniq_blork_the_orc
D:5:      layout_basic, uniq_duvessa
D:6:      layout_gridville, mainiacjoe_overflow_tiny_flanked,
          grunt_temple_overflow_open, cheibrodos_ashenzari_chains, minivault_5,
          minmay_pentangle
Temple:   oiseaux_autumnal_temple

Skill      XL: |  1  2  3  4  5  6  7  8  9 |
---------------+----------------------------+-----
Stealth        | 3 4 5 6 7 |  7.7
Poison Magic   | 4 5 6 7 |  7.1
Transmutations | 2 3 4 5 |  5.0
Dodging        | 3 4 5 7 |  7.0
Spellcasting   | 3 4 5 |  5.0
Fighting       | 1 2 4 5 |  5.8
Shields        | |  0.9
Air Magic      | |  0.7

Action                     |  1- 3 |  4- 6 |  7- 9 || total
---------------------------+-------+-------+-------++-------
  Melee: Short sword       |    26 |    20 |    42 ||    88
         Kick              |     6 |    11 |    12 ||    29
         Constrict         |     4 |     9 |     5 ||    18
         Tentacles         |     2 |     5 |    10 ||    17
   Cast: Sting             |    54 |   111 |    61 ||   226
         Mephitic Cloud    |       |     2 |     9 ||    11
         Olgreb's Toxic Ra |       |     1 |    23 ||    24
         Freeze            |       |       |     3 ||     3
    Use: Potion            |     1 |       |     3 ||     4
         Scroll            |     5 |     1 |       ||     6
   Stab: Distracted        |       |     1 |       ||     1
         Sleeping          |       |       |     2 ||     2
 Armour: Skin              |     4 |     7 |    12 ||    23
  Dodge: Dodged            |    26 |    30 |    43 ||    99
  Block: Buckler           |       |       |     2 ||     2

Table legend: (Time is in decaauts)
 A = Elapsed time spent in this place.
 B = Non-inter-level travel time spent in this place.
 C = Inter-level travel time spent in this place.
 D = Time resting spent in this place.
 E = Time spent auto-exploring this place.
 F = Levels seen in this place.
 G = Mean time per level.
                   A        B        C        D        E       F      G
               +--------+--------+--------+--------+--------+-----+--------+
         Total |   7566 |   7282 |    284 |     85 |   6028 |   7 | 1080.9 |
       Dungeon |   7326 |   7071 |    255 |     85 |   5863 |   6 | 1221.0 |
        Temple |    239 |    210 |     29 |      0 |    165 |   1 |  239.0 |
               +--------+--------+--------+--------+--------+-----+--------+

Top non-repeatable levels by time:
     D:4: 1585 daAuts
     D:6: 1476 daAuts
     D:5: 1239 daAuts
     D:1: 1148 daAuts
     D:2: 967 daAuts
     D:3: 909 daAuts
  Temple: 239 daAuts
